 Dungeon Sprint DCSS version 0.29-a0-717-g6dac4ea423 (webtiles) character file.

Game seed: 13502254608959704453

121 mhtbhm the Covert (level 4, -3/19 (21) HPs)
             Began as a Spriggan Enchanter on June 26, 2022.
             Killed from afar by a necromancer (22 damage)
             ... with a bolt of negative energy
             ... in the Dungeon (Sprint III: "The Ten Rune Challenge").
             The game lasted 00:01:06 (372 turns).

mhtbhm the Covert (Spriggan Enchanter)               Turns: 372, Time: 00:01:07

HP:   -3/19 (21)    AC:  2    Str:  8    XL:     4   Next: 76%
MP:   5/12          EV: 19    Int: 15    God:
Gold: 21            SH:  0    Dex: 16    Spells: 5/13 levels left

rFire   + . .      SeeInvis +   a - +1 dagger
rCold   . . .      Faith    .   (no shield)
rNeg    . . .      Spirit   .   b - +0 robe
rPois   .          Reflect  .   (helmet restricted)
rElec   .          Harm     .   (no cloak)
rCorr   .          Rampage  .   (gloves unavailable)
Will    +....      NoTele   +   (boots unavailable)
Stlth   ++++......              (no amulet)
HPRegen 0.06/turn               (no ring)
MPRegen 0.13/turn               (no ring)

@: confusing by touch, drained, very quick
A: very small, no large weapons, unfitting armour, see invisible, speed 3, fire
resistance 1, strong-willed 1, strong 1, inability to drink while threatened 1
a: no special abilities


You were in the Dungeon.
You visited 1 branch You collected 21 gold pieces.

Inventory:

Hand Weapons
 a - a +1 dagger (weapon)
Armour
 b - a +0 robe (worn)
Scrolls
 h - 3 scrolls of torment {unknown}
 i - a scroll of blinking
 j - a scroll of brand weapon {unknown}
 k - 3 scrolls of identify
 m - a scroll of immolation {unknown}
Potions
 c - 2 potions of invisibility
 d - 2 potions of curing
 e - a potion of heal wounds
 f - 2 potions of haste
 g - 2 potions of magic
 l - 2 potions of flight {unknown}
 n - a potion of cancellation {unknown}
 o - 2 potions of mutation


   Skills:
 + Level 0.3 Fighting
 + Level 2.5 Short Blades
 + Level 4.4 Dodging
 + Level 9.7 Stealth
 + Level 5.0 Spellcasting
 + Level 7.8 Hexes


You had 5 spell levels left.
You knew the following spells:

 Your Spells              Type           Power      Damage    Failure   Level
a - Ensorcelled Hibernat  Hex/Ice        30%        N/A       4%          2
b - Confusing Touch       Hex            27%        N/A       1%          3
c - Tukima's Dance        Hex            27%        N/A       1%          3

Your spell library contained the following spells:

 Spells                   Type           Power      Damage    Failure   Level
 Dazzling Flash           Conj/Hex       30%        N/A       10%         3


Dungeon Overview and Level Annotations

Branches:
Dungeon (1/1)

Altars:
Dithmenos
Ru
Yredelemnul


Innate Abilities, Weirdness & Mutations

You are very small and have problems with some larger weapons.
You are too small for most types of armour.
You have supernaturally acute eyesight. (SInv)
You cover ground extremely quickly. (Speed+++)
Your flesh is heat resistant. (rF+)
You are strong-willed. (Will+)
Your muscles are strong. (Str +4, Int/Dex -1)
You occasionally lose the ability to drink potions when taking damage.


Message History

Your Stealth skill increases to level 9!
Your Spellcasting skill increases to level 5!
Your Hexes skill increases to level 7!
You have reached level 4!
There is a fountain of clear blue water here.
You start resting.
Magic restored.
You open the door.
A necrophage and a necromancer come into view.
The necromancer shouts!
Found an encrusted bone wand.
Found three altars.
Cast which spell? (? or * to list)
Aiming: Ensorcelled Hibernation (safe; 4% risk of failure)
Press: ? - help, Shift-Dir - straight line, f - necromancer
Aim: a necromancer, wielding a +0 dagger and wearing a +0 robe (chance to affect: 17%)
The necromancer resists with almost no effort.
The necromancer barely misses you.
Unknown command.
Casting: Ensorcelled Hibernation (safe; 4% risk of failure)
Confirm with . or Enter, or press ? or * to list all spells.
Aiming: Ensorcelled Hibernation (safe; 4% risk of failure)
Press: ? - help, Shift-Dir - straight line, f/p - necromancer
Aim: a necromancer, wielding a +0 dagger and wearing a +0 robe (chance to affect: 17%)
The necromancer resists with almost no effort.
The necromancer gestures wildly while chanting.
The necromancer binds the souls of nearby monsters.
Casting: Ensorcelled Hibernation (safe; 4% risk of failure)
Confirm with . or Enter, or press ? or * to list all spells.
Aiming: Ensorcelled Hibernation (safe; 4% risk of failure)
Press: ? - help, Shift-Dir - straight line, f/p - necromancer
Aim: a necromancer, wielding a +0 dagger and wearing a +0 robe (chance to affect: 17%)
Okay, then.
Okay, then.
Casting: Ensorcelled Hibernation (safe; 4% risk of failure)
Confirm with . or Enter, or press ? or * to list all spells.
Your hands begin to glow red.
The necromancer gestures at you while chanting.
The bolt of negative energy hits you!!
You feel drained.
Ouch! That really hurt!
You die...

▓▓ ▓▓▓ .♣ ♣.# ####
♣♣♣ ♣.# #__# ♣.♣
♣♣.# #n_
≈♣♣♣♣..###+#+###p##
≈..♣...#........@.#
≈≈♣♣♣..'.⌠........#
≈≈≈≈.♣.#...######+#
≈≈≈....#.⌠.#
≈≈.....#...#
....†..#+###
.......# .......#
▓▓▓▓▓▓▓▓


You could see a necromancer and a necrophage.

Vanquished Creatures
  A water elemental (D)
  Jessica (D)
  A human (D)
  A wolf (D)
  An endoplasm (D)
  A rat (D)
6 creatures vanquished.

Notes
Turn   | Place    | Note
-------+----------+-------------------------------------------
     0 | D        | mhtbhm the Spriggan Enchanter began the quest for the Orb.
     0 | D        | Reached XP level 1. HP: 9/9 MP: 5/5
     7 | D        | Reached skill level 5 in Stealth
    13 | D        | Noticed Jessica
    20 | D        | Killed Jessica
    21 | D        | Reached skill level 6 in Stealth
    21 | D        | Reached skill level 5 in Hexes
    21 | D        | Reached XP level 2. HP: 6/13 MP: 5/7
    55 | D        | Learned a level 2 spell: Ensorcelled Hibernation
   242 | D        | Reached skill level 7 in Stealth
   242 | D        | Reached XP level 3. HP: 16/16 MP: 7/9
   248 | D        | Learned a level 3 spell: Confusing Touch
   252 | D        | Learned a level 3 spell: Tukima's Dance
   287 | D        | Gained mutation: You occasionally lose the ability to read
                  | scrolls when taking damage. [potion of mutation]
   287 | D        | Gained mutation: You are frail. (-10% HP) [potion of
                  | mutation]
   287 | D        | Gained mutation: You occasionally lose the ability to drink
                  | potions when taking damage. [potion of mutation]
   287 | D        | Gained mutation: You have sharp fingernails. [potion of
                  | mutation]
   288 | D        | Lost mutation: You are frail. (-10% HP) [potion of
                  | mutation]
   288 | D        | Lost mutation: You occasionally lose the ability to read
                  | scrolls when taking damage. [potion of mutation]
   288 | D        | Lost mutation: You have sharp fingernails. [potion of
                  | mutation]
   288 | D        | Gained mutation: You are strong-willed. (Will+) [potion of
                  | mutation]
   288 | D        | Gained mutation: Your muscles are strong. (Str +4, Int/Dex
                  | -1) [potion of mutation]
   288 | D        | Gained mutation: Your flesh is heat resistant. (rF+)
                  | [potion of mutation]
   340 | D        | Reached skill level 8 in Stealth
   344 | D        | Noticed a water elemental
   347 | D        | Killed a water elemental
   348 | D        | Reached skill level 9 in Stealth
   348 | D        | Reached skill level 5 in Spellcasting
   348 | D        | Reached XP level 4. HP: 21/21 MP: 10/12
   369 | D        | Found a basalt altar of Yredelemnul.
   369 | D        | Found a shadowy altar of Dithmenos.
   369 | D        | Found a sacrificial altar of Ru.
   369 | D        | Noticed a necrophage
   372 | D        | Killed from afar by a necromancer

Illustrated notes

Levels and vault maps discovered:
D:        dungeon_sprint_mu [sprint_mu_entry_forest, sprint_mu_temple_rooms,
          sprint_mu_d1_horrors, sprint_mu_d2_genie, sprint_mu_d3_branching,
          sprint_mu_orc_legion, sprint_mu_elf_gauntlet, sprint_mu_hive_nellie,
          sprint_mu_lair_fedhas, sprint_mu_vaults_butterflies,
          sprint_mu_slime_circle, sprint_mu_swamp_cave, sprint_mu_snake_twists,
          sprint_mu_blade_basic, sprint_mu_crypt_chambers,
          sprint_mu_tomb_spiral, sprint_mu_vestibule_basic,
          sprint_mu_gehenna_hellfire, sprint_mu_dis_giant,
          sprint_mu_tartarus_statrot, sprint_mu_cocytus_islands, sprint_mu_zot1]

Skill      XL: |  1  2  3 |
---------------+----------+-----
Hexes          | 5 6 7 |  7.8
Stealth        | 6 7 9 |  9.7
Dodging        | 3 4 |  4.4
Spellcasting   | 3 4 5 |  5.0
Short Blades   | 2 |  2.5
Fighting       | |  0.3

Action                   |  1- 3 |  4- 6 || total
-------------------------+-------+-------++-------
Melee: Dagger            |     9 |       ||     9
 Cast: Ensorcelled Hiber |       |     2 ||     2
       Confusing Touch   |       |     1 ||     1
  Use: Potion            |     3 |       ||     3
 Stab: Sleeping          |     4 |       ||     4
Dodge: Dodged            |     2 |     1 ||     3

Table legend: (Time is in decaauts)
 A = Elapsed time spent in this place.
 B = Non-inter-level travel time spent in this place.
 C = Inter-level travel time spent in this place.
 D = Time resting spent in this place.
 E = Time spent auto-exploring this place.
 F = Levels seen in this place.
 G = Mean time per level.
                   A        B        C        D        E       F      G
               +--------+--------+--------+--------+--------+-----+--------+
         Total |    338 |    338 |      0 |    242 |      0 |   1 |  338.0 |
       Dungeon |    338 |    338 |      0 |    242 |      0 |   1 |  338.0 |
               +--------+--------+--------+--------+--------+-----+--------+

Top non-repeatable levels by time:
       D: 338 daAuts
